 Dungeon Crawl Stone Soup version 0.31-a0-145-g046c7d2549 (webtiles) character file.

Game seed: 14781306785808263531

1679 Anon1729 the Trooper (level 8, 0/73 HPs)
             Began as a Minotaur Monk on June 4, 2023.
             Slain by a yak (13 damage)
             ... on level 6 of the Dungeon.
             The game lasted 00:04:35 (4652 turns).

Anon1729 the Trooper (Minotaur Monk)                Turns: 4652, Time: 00:04:35

Health: 0/73       AC: 12    Str: 19      XL:     8   Next: 70%
Magic:  16/16      EV: 10    Int:  6 (7)  God:
Gold:   189        SH:  0    Dex: 12      Spells: 7/7 levels left

rFire   . . .        m - +0 broad axe
rCold   . . .        d - orb {light}
rNeg    . . .        r - +0 chain mail
rPois   .            s - +2 hat
rElec   .            q - scarf {shadows}
rCorr   .            (no gloves)
SInv    .            (no boots)
Will    .....        (no amulet) Stlth
                     n - ring of magical power
HPRegen 0.32/turn    (no ring)
MPRegen 0.15/turn

%: no passive effects
@: glowing
A: horns 2, retaliatory headbutt
a: no special abilities


You were on level 6 of the Dungeon.
You visited 1 branch of the dungeon, and saw 6 of its levels.

You collected 344 gold pieces.
You spent 155 gold pieces at shops.

Inventory:

Hand Weapons
 a - a +0 hand axe
 m - a +0 broad axe (weapon)
Missiles
 o - 4 silver javelins (quivered)
Armour
 b - a +0 robe
 d - an orb of light (worn)
 j - a +0 cloak
 q - a scarf of shadows (worn)
 r - a +0 chain mail (worn)
 s - a +2 hat (worn)
Jewellery
 n - a ring of magical power (left hand)
 w - a ring of fire
Wands
 p - a wand of flame (12)
Scrolls
 f - a scroll of acquirement {unknown}
 g - 2 scrolls of blinking {unknown}
 h - 3 scrolls of vulnerability {unknown}
 i - 4 scrolls of teleportation
 k - 3 scrolls of identify {unknown}
 l - 2 scrolls of poison {unknown}
 y - a scroll of fog {unknown}
 z - a scroll of silence {unknown}
 A - a scroll of amnesia {unknown}
Potions
 c - a potion of ambrosia
 e - 3 potions of degeneration
 u - a potion of haste {unknown}
 v - a potion of magic {unknown}
 x - a potion of cancellation {unknown}


   Skills:
 + Level 7.6 Fighting
 + Level 7.6 Axes
 + Level 6.4 Armour
 + Level 6.9 Dodging


You had 7 spell levels left.
You didn't know any spells.
Your spell library contained the following spells:

 Spells                   Type           Power      Damage    Failure   Level
 Magic Dart               Conj           0%         1d3       98%         1
 Call Imp                 Summ           0%         N/A       99%         2
 Ensorcelled Hibernation  Hex/Ice        0%         N/A       99%         2
 Call Canine Familiar     Summ           0%         N/A       100%        3
 Ignite Poison            Fire/Tmut/Pois 0%         N/A       100%        3
 Mephitic Cloud           Conj/Pois/Air  0%         N/A       100%        3
 Portal Projectile        Hex/Tloc       0%         N/A       100%        3
 Spider Form              Tmut/Pois      0%         N/A       100%        3
 Anguish                  Hex/Necr       0%         N/A       100%        4
 Leda's Liquefaction      Hex/Erth       0%         N/A       100%        4
 Sticky Flame             Conj/Fire      0%         2d3       100%        4
 Ignition                 Fire           0%         3d3       100%        8


Dungeon Overview and Level Annotations

Branches:
Dungeon (6/15)
 Temple: D:4-7

Altars:
Ashenzari
Fedhas
Makhleb
Okawaru
Sif Muna
The Shining One

Shops:
D:2 ?!=(*   D:4 =:

Annotations:
D:6 1 runed translucent door


Innate Abilities, Weirdness & Mutations

You have a pair of horns on your head.
You reflexively headbutt those who attack you in melee.


Message History

The yak snorts and paws the ground.
The yak barely misses you. You furiously retaliate!
You headbutt the yak. The yak attacks as you move away!
The yak gores you but does no damage.
The bullfrog croaks.
The yak attacks as you move away! The yak closely misses you.
The bullfrog hits you.
* * * LOW HITPOINT WARNING * * *
The bullfrog attacks as you move away!
The bullfrog hits you but does no damage.
The yak snorts and paws the ground.
You slash the bullfrog!
The bullfrog is heavily wounded.
The bullfrog closely misses you. You furiously retaliate!
You headbutt the bullfrog. The bullfrog barely misses you.
You slash the bullfrog!
You kill the bullfrog!
The white imp grins evilly.
The white imp gestures at you. The puff of frost hits you.
* * * LOW HITPOINT WARNING * * *
You feel better. The yak gores you!
* * * LOW HITPOINT WARNING * * *
You feel better. The yak misses you.
You hit the yak but do no damage.
The yak is heavily wounded.
The yak gores you.
* * * LOW HITPOINT WARNING * * *
You hit the yak. You headbutt the yak, but do no damage.
The yak is severely wounded.
The yak gores you but does no damage.
You hit the yak but do no damage.
The yak is severely wounded.
The yak gores you but does no damage. x2
You hit the yak but do no damage.
The yak is severely wounded.
The yak gores you but does no damage.
You hit the yak but do no damage.
The yak is severely wounded.
The yak gores you!
You die...

##...##..........#
#..........#####.#
##...##......# #.#
##.####.###.# #.# #.#
#.# #.###.# #.#
#.###.....# ##'##
#.........#
##...###########.#
#.....## ## #@#
#......## ##$##Y#####
#.......####...o5....#
#.......'........###.#
#.......####...#.#
#......## #..##†#
#.....## #.. ...
##...## #..#####.
###'## #... ..


You could see a yak, a white imp and an orc.

Vanquished Creatures
  Pikel (D:5)
  A shadow (D:5)
  A steam dragon (D:6)
  Edmund (D:5)
  A black bear (D:5)
  A lemure (D:4)
  A phantom (D:4)
  Blork the orc (D:4)
  A bullfrog (D:6)
  A howler monkey (D:2)
  2 hounds (D:5)
  2 jellies (D:5)
  4 orc priests
  An iguana (D:4)
  2 orc wizards
  8 adders
  6 worms
  A dart slug (D:1)
  15 orcs
  5 endoplasms
  A giant cockroach (D:4)
  8 goblins
  6 hobgoblins
  8 kobolds
  3 quokkas
  4 ball pythons
  6 bats
  4 frilled lizards
  8 rats
104 creatures vanquished.

Notes
Turn   | Place    | Note
-------+----------+-------------------------------------------
     0 | D:1      | Anon1729 the Minotaur Monk began the quest for the Orb.
     0 | D:1      | Reached XP level 1. HP: 19/19 MP: 0/0
   134 | D:1      | Reached XP level 2. HP: 4/27 MP: 1/1
   291 | D:1      | Reached skill level 1 in Armour
   623 | D:1      | Reached XP level 3. HP: 31/33 MP: 2/2
   967 | D:2      | Reached XP level 4. HP: 41/41 MP: 3/3
  1047 | D:2      | Found Diedum's Magic Scroll Boutique.
  1055 | D:2      | Bought a scroll of teleportation for 36 gold pieces
  1124 | D:2      | Found Pyezettehu's Jewellery Shop.
  1152 | D:2      | Found Zuxef's Antique Weapon Shop.
  1174 | D:2      | Found Suffocza's Assorted Antiques.
  1591 | D:2      | Found Wiablexiu's Distillery.
  2048 | D:3      | You fall into a shaft and drop 1 floor!
  2058 | D:4      | Noticed a phantom
  2069 | D:4      | Killed a phantom
  2070 | D:4      | Reached XP level 5. HP: 38/47 MP: 4/4
  2120 | D:4      | Found Zoejoipp's Vocational Training.
  2133 | D:4      | Noticed Blork the orc
  2140 | D:3      | Found a shimmering blue altar of Sif Muna.
  2140 | D:3      | Found an iron altar of Okawaru.
  2140 | D:3      | Found a blossoming altar of Fedhas.
  2189 | D:3      | Found a glowing golden altar of the Shining One.
  2189 | D:3      | Found a burning altar of Makhleb.
  2190 | D:3      | Found a broken altar of Ashenzari.
  2224 | D:3      | Reached skill level 5 in Fighting
  2338 | D:3      | Reached skill level 5 in Axes
  2342 | D:3      | Reached XP level 6. HP: 48/56 MP: 5/5
  2633 | D:2      | Bought a scroll labelled ASMADGHE SAKLIE for 25 gold pieces
  2633 | D:2      | Bought a viscous pink potion for 22 gold pieces
  2633 | D:2      | Bought a scroll labelled KOOPUW KIANA for 25 gold pieces
  2633 | D:2      | Bought a scroll labelled ASMADGHE SAKLIE for 25 gold pieces
  2633 | D:2      | Bought a clear potion for 22 gold pieces
  2854 | D:4      | Found Quoz's Jewellery Emporium.
  2969 | D:4      | Killed Blork the orc
  3169 | D:5      | Entered Level 5 of the Dungeon
  3184 | D:5      | Reached skill level 5 in Dodging
  3552 | D:5      | Reached XP level 7. HP: 58/62 MP: 6/6
  3631 | D:5      | Noticed a shadow
  3636 | D:5      | Killed a shadow
  3732 | D:5      | Noticed Pikel
  3915 | D:5      | Killed Pikel
  3916 | D:5      | Reached skill level 5 in Armour
  3916 | D:5      | Reached XP level 8. HP: 54/73 MP: 7/7
  4003 | D:5      | Noticed Edmund
  4019 | D:5      | Killed Edmund
  4559 | D:6      | Found a runed translucent gate.
  4652 | D:6      | Slain by a yak

Illustrated notes

Levels and vault maps discovered:
D:1:      zelgadis_glass_arrival_small, layout_loops_ring, nicolae_wormholes
D:2:      layout_loops_ring, serial_shops, nicolae_shop_gaudy_bauble,
          nicolae_shop_tiny_waterfront, shop, shop_statue, nicolae_shop_trees
D:3:      layout_basic, grunt_temple_overflow_open
D:4:      layout_rooms, serial_shops, nicolae_lakefront_shop,
          dreamdust_princess_bridge, nicolae_shop_vocational, uniq_blork_the_orc
D:5:      layout_loops_corners, uniq_pikel, uniq_edmund
D:6:      layout_loops_corners, minmay_temple_entry_statues_pillars,
          biasface_ghost_orc_armoury, minmay_circle_x

Skill      XL: |  1  2  3  4  5  6  7  8 |
---------------+-------------------------+-----
Armour         | 1 2 3 4 5 6 |  6.4
Fighting       | 4 5 7 |  7.6
Axes           | 4 5 6 7 |  7.6
Dodging        | 4 5 6 |  6.9

Action                     |  1- 3 |  4- 6 |  7- 9 || total
---------------------------+-------+-------+-------++-------
  Melee: Hand axe          |    57 |    48 |       ||   105
         Headbutt          |    12 |    17 |    17 ||    46
         Broad axe         |       |    63 |    63 ||   126
    Use: Potion            |       |       |     6 ||     6
 Armour: Robe              |    10 |    22 |     7 ||    39
         Chain mail        |       |       |    19 ||    19
  Dodge: Dodged            |    36 |    78 |    47 ||   161

Table legend: (Time is in decaauts)
 A = Elapsed time spent in this place.
 B = Non-inter-level travel time spent in this place.
 C = Inter-level travel time spent in this place.
 D = Time resting spent in this place.
 E = Time spent auto-exploring this place.
 F = Levels seen in this place.
 G = Mean time per level.
                   A        B        C        D        E       F      G
               +--------+--------+--------+--------+--------+-----+--------+
         Total |   4705 |   4278 |    427 |    297 |   3304 |   6 |  784.2 |
       Dungeon |   4705 |   4278 |    427 |    297 |   3304 |   6 |  784.2 |
               +--------+--------+--------+--------+--------+-----+--------+

Top non-repeatable levels by time:
     D:5: 1261 daAuts
     D:1: 941 daAuts
     D:3: 859 daAuts
     D:2: 856 daAuts
     D:4: 688 daAuts
     D:6: 98 daAuts
